 Dungeon Crawl Stone Soup version 0.22-a0-398-g8bb545f (webtiles) character file.

1246 emperorscorpion the Chopper (level 8, -2/70 HPs)
             Began as a Minotaur Fighter on May 5, 2018.
             Was a Follower of Cheibriados.
             Slain by an orc warrior
             ... wielding a +0 long sword
              (10 damage)
             ... on level 6 of the Dungeon.
             The game lasted 00:04:33 (1322 turns).

emperorscorpion the Chopper (Minotaur Fighter)      Turns: 1322, Time: 00:04:34

Health: -2/70      AC: 10    Str: 24    XL:     8   Next: 25%
Magic:  7/7        EV:  7    Int:  7    God:    Cheibriados [*.....]
Gold:   101        SH: 11    Dex: 13    Spells: 7/7 levels left

rFire    . . .     SeeInvis .   a - +0 war axe
rCold    . . .     Gourm    .   c - +0 shield
rNeg     . . .     Faith    .   m - +0 chain mail
rPois    .         Spirit   .   (helmet restricted)
rElec    .         Reflect  .   (no cloak)
rCorr    +         Harm     .   (no gloves)
MR       .....                  (no boots)
Stlth    ..........             (no amulet)
HPRegen  0.21/turn              r - ring of resist corrosion
MPRegen  0.10/turn              (no ring)

@: flying, very slow
A: retaliatory headbutt, horns 2
a: Bend Time, Renounce Religion


You were on level 6 of the Dungeon.
You worshipped Cheibriados.
Cheibriados was aware of your devotion.
You were not hungry.

You visited 2 branches of the dungeon, and saw 7 of its levels.

You collected 101 gold pieces.

Inventory:

Hand Weapons
 a - a +0 war axe (weapon)
 g - a +2 whip of freezing
Missiles
 h - 16 bolts
 k - 15 poisoned needles
 u - 2 needles of sleeping
Armour
 b - a +0 scale mail
 c - a +0 shield (worn)
 m - a +0 chain mail (worn)
Jewellery
 r - a ring of resist corrosion (left hand)
Wands
 o - a wand of acid (9)
 s - a wand of digging (13)
Scrolls
 i - 2 scrolls of identify {unknown}
 j - 2 scrolls of remove curse {unknown}
 l - a scroll of random uselessness {unknown}
 n - a scroll of fear {unknown}
 t - a scroll of enchant weapon {unknown}
Potions
 d - 2 potions of might
 v - a potion of cancellation {unknown}
Comestibles
 f - 5 rations
 q - 6 chunks of flesh


   Skills:
 + Level 6.0 Fighting
 + Level 7.9 Axes
 + Level 6.2 Armour
 + Level 2.0 Dodging
 + Level 0.1 Stealth
 + Level 6.4 Shields


You had 7 spell levels left.
You didn't know any spells.

Dungeon Overview and Level Annotations

Branches:
Dungeon (6/15)             Temple (1/1) D:4

Altars:
Ashenzari
Cheibriados
Dithmenos
Elyvilon
Fedhas
Nemelex Xobeh
Qazlal
Ru
Sif Muna
Trog
Uskayaw
Vehumet
Xom
The Shining One


Innate Abilities, Weirdness & Mutations

You reflexively headbutt those who attack you in melee.
You have a pair of horns on your head.


Message History

The howler monkey zombie closely misses you.
You block the orc warrior's attack. The ogre barely misses you.
The howler monkey zombie barely misses you.
You slash the ogre!
You kill the ogre!
Cheibriados appreciates the change of pace.
Your Fighting skill increases to level 6!
Your Dodging skill increases to level 2!
You hit the howler monkey zombie. You hit the orc warrior.
A magic dart appears from out of thin air!
The magic dart hits you!
* * * LOW HITPOINT WARNING * * *
The orc warrior hits you with a long sword!
* * * LOW HITPOINT WARNING * * *
The howler monkey zombie hits you but does no damage.
It was a potion of flight.
You feel very buoyant.
You fly up into the air.
The orc warrior hits you with a long sword!
You die...

...............
#...#.#...###.#
#...#.#.......#
#.........###.#
#.........###.##.#
...#..............
..##......######.#
#...#..).#
#...#o@#.#
#...#Z)#.#
#...#... . #.
#..#... #...$.#.
#... .#.# ...# .#
#.## .


You could see an orc warrior and a howler monkey zombie.

Vanquished Creatures
  Pikel (D:4)
  A slave (D:4)
  An ice beast (D:6)
  2 ogres
  A phantom (D:4)
  A bullfrog (D:6)
  A scorpion (D:4)
  2 bullfrog skeletons
  A jelly (D:6)
  A centaur skeleton (D:4)
  A hound (D:4)
  An orc wizard (D:4)
  Ijyb (D:4)
  2 worker ants (D:4)
  4 adders
  An ooze (D:4)
  3 worms
  3 leopard geckos
  7 orcs
  3 bats
  3 giant cockroaches
  4 goblins
  5 hobgoblins
  4 jackals (D:2)
  3 quokkas
  2 frilled lizards
  A kobold (D:2)
  3 rats (D:2)
63 creatures vanquished.

Notes
Turn   | Place    | Note
-------+----------+-------------------------------------------
     0 | D:1      | emperorscorpion the Minotaur Fighter began the quest for the Orb.
     0 | D:1      | Reached XP level 1. HP: 19/19 MP: 0/0
    80 | D:2      | Reached XP level 2. HP: 23/27 MP: 1/1
   145 | D:2      | Found a hide-covered altar of Uskayaw.
   149 | D:2      | Found a shattered altar of Ashenzari.
   158 | D:2      | Reached XP level 3. HP: 28/33 MP: 2/2
   159 | D:2      | Found a white marble altar of Elyvilon.
   303 | D:4      | Reached skill level 3 in Axes
   303 | D:4      | Reached XP level 4. HP: 28/41 MP: 3/3
   393 | D:4      | Reached XP level 5. HP: 22/47 MP: 4/4
   395 | D:4      | Reached skill level 4 in Axes
   395 | D:4      | Reached skill level 1 in Dodging
   419 | D:4      | Found a staircase to the Ecumenical Temple.
   420 | D:4      | Noticed a phantom
   422 | D:4      | HP: 2/47 [poisoned by a worker ant]
   447 | D:4      | Noticed an ogre
   449 | Temple   | Entered the Ecumenical Temple
   469 | Temple   | Became a worshipper of Cheibriados the Contemplative
   728 | D:4      | Killed an ogre
   767 | D:4      | Killed a phantom
   767 | D:4      | Reached skill level 5 in Axes
   767 | D:4      | Reached skill level 5 in Armour
   767 | D:4      | Reached skill level 5 in Shields
   767 | D:4      | Reached XP level 6. HP: 30/55 MP: 5/5
   979 | D:5      | Entered Level 5 of the Dungeon
   979 | D:5      | Noticed a slave
   983 | D:5      | Noticed a slave
   984 | D:5      | Noticed a slave
   985 | D:5      | Noticed Pikel
   986 | D:5      | Noticed a slave
   988 | D:5      | Reached skill level 5 in Fighting
   996 | D:4      | Killed a slave
  1002 | D:4      | Killed Pikel
  1002 | D:4      | Reached skill level 6 in Axes
  1002 | D:4      | Reached XP level 7. HP: 11/61 MP: 6/6
  1132 | D:4      | Reached skill level 7 in Axes
  1171 | D:4      | Noticed Ijyb
  1183 | D:4      | Killed Ijyb
  1245 | D:5      | Reached * piety under Cheibriados
  1293 | D:6      | Reached XP level 8. HP: 48/70 MP: 7/7
  1322 | D:6      | Slain by an orc warrior

Vault maps used:
D:1:      tarquinn_simple_flora_water_d
D:2:      minitemple, first_ration, minmay_misc_feat_tower,
          nemelex_spade_bored_becter
D:4:      minmay_temple_entry_statues_pillars, grunt_ministairs_8,
          kennysheep_small_circle, uniq_ijyb
D:5:      serial_co_window_serial, co_window_cross_1, co_window_paths_a,
          co_window_paths_a, co_window_corner_a, co_window_cross_1,
          co_window_corner_a, co_window_corner_a, co_window_broadway_a,
          co_window_corner_b, co_window_unsneaky_path_d, co_window_broadway_b,
          co_window_2corner, glass_columns_a, glass_columns_b, glass_columns_a,
          uniq_edmund, uniq_pikel
D:6:      grunt_temple_overflow_open, cheibrodos_sewer_entry_drain
Temple:   minmay_temple_bridge_abc

Skill      XL: |  1  2  3  4  5  6  7  8 |
---------------+-------------------------+-----
Fighting       | 4 5 6 |  6.0
Armour         | 4 5 6 |  6.2
Shields        | 4 5 6 |  6.4
Axes           | 3 5 6 7 |  7.9
Dodging        | 1 2 |  2.0
Stealth        | |  0.1

Action                   |  1- 3 |  4- 6 |  7- 9 || total
-------------------------+-------+-------+-------++-------
Melee: War axe           |    58 |    57 |    64 ||   179
       Headbutt          |     5 |    11 |    18 ||    34
  Use: Potion            |       |     1 |     2 ||     3
       Scroll            |       |     1 |       ||     1
  Eat: Chunk             |       |     1 |     1 ||     2
Armor: Scale mail        |    24 |     4 |       ||    28
       Chain mail        |       |    16 |    27 ||    43
Dodge: Dodged            |    25 |    15 |    28 ||    68
Block: Shield            |    31 |    35 |    34 ||   100

Table legend:
 A = Spawn XP
 B = Non-spawn XP
 C = Spawn XP percentage of total XP
 D = Spawn monster count
 E = Non-spawn monster count
 F = Spawn count percentage of total count
 G = Total turns spent on level
                    A         B        C        D         E        F      G
               +---------+---------+-------+---------+---------+-------+---------
         Total |       0 |    1781 |   0.0 |       0 |      62 |   0.0 |  1322
               +---------+---------+-------+---------+---------+-------+---------
           D:1 |       0 |      11 |   0.0 |       0 |       5 |   0.0 |    78
           D:2 |       0 |      44 |   0.0 |       0 |      18 |   0.0 |   154
           D:3 |       0 |       7 |   0.0 |       0 |       4 |   0.0 |   154
           D:4 |       0 |    1274 |   0.0 |       0 |      24 |   0.0 |   566
           D:5 |       0 |      53 |   0.0 |       0 |       4 |   0.0 |    60
           D:6 |       0 |     392 |   0.0 |       0 |       7 |   0.0 |    37
               +---------+---------+-------+---------+---------+-------+---------
